 Dungeon Crawl Stone Soup version 0.31-a0-8-gd14b0f4ee2 (webtiles) character file.

Game seed: 17097540816920358874

42 pokeman the Magician (level 3, -1/20 HPs)
             Began as a Deep Elf Hedge Wizard on May 6, 2023.
             Killed by miscasting Mephitic Cloud (9 damage)
             ... on level 2 of the Dungeon.
             The game lasted 00:02:01 (1527 turns).

pokeman the Magician (Deep Elf Hedge Wizard)        Turns: 1527, Time: 00:02:03

Health: -1/20      AC:  3    Str: 13    XL:     3   Next: 33%
Magic:  5/11       EV: 12    Int: 20    God:
Gold:   115        SH:  0    Dex: 14    Spells: 4/12 levels left

rFire   . . .        k - +2 short sword (venom)
rCold   . . .        (no shield)
rNeg    . . .        b - +0 robe
rPois   .            g - +0 helmet
rElec   .            (no cloak)
rCorr   .            (no gloves)
SInv    .            (no boots)
Will    .....        (no amulet)
Stlth   ++           m - +6 ring of strength
HPRegen 0.23/turn    (no ring)
MPRegen 0.12/turn

%: no passive effects
@: lethally poisoned (-1 -> -4), very slightly contaminated
A: no striking features
a: no special abilities


You were on level 2 of the Dungeon.
You visited 1 branch of the dungeon, and saw 2 of its levels.

You collected 115 gold pieces.

Inventory:

Hand Weapons
 k - a +2 short sword of venom (weapon)
Armour
 b - a +0 robe (worn)
 g - a +0 helmet (worn)
 n - a +2 buckler
Jewellery
 m - a +6 ring of strength (left hand)
Scrolls
 c - a scroll of butterflies {unknown}
 e - a scroll of blinking {unknown}
 f - a scroll of teleportation {unknown}
 h - 2 scrolls of identify {unknown}
 i - a scroll of fear {unknown}
 l - a scroll of magic mapping {unknown}
 p - a scroll of amnesia {unknown}
Potions
 a - a potion of curing {unknown}
 d - a potion of magic
 j - a potion of brilliance {unknown}
 o - a potion of heal wounds {unknown}


   Skills:
 + Level 0.9 Fighting
 + Level 0.9 Armour
 - Level 2.4 Dodging
 - Level 2.4 Stealth
 * Level 5.2 Spellcasting
 + Level 1.8 Conjurations
 - Level 1.1 Summonings
 - Level 1.1 Translocations


You had 4 spell levels left.
You knew the following spells:

 Your Spells              Type           Power      Damage    Failure   Level
a - Magic Dart            Conj           48%        1d5       5%          1
b - Mephitic Cloud        Conj/Pois/Air  7%         N/A       26%         3
c - Call Imp              Summ           18%        N/A       11%         2
d - Blink                 Tloc           18%        N/A       11%         2

Your spell library contained the following spells:

 Spells                   Type           Power      Damage    Failure   Level
 Slow                     Hex            20%        N/A       12%         1
 Cigotuvi's Dreadful Rot  Necr/Pois/Air  10%        N/A       17%         2


Dungeon Overview and Level Annotations

Branches:
Dungeon (2/15)

Altars:

Annotations:
D:2 Crazy Yiuf


Message History

The endoplasm quivers.
The endoplasm barely misses you.
The quokka moves out of view.
The rat moves out of view.
You hit the endoplasm.
The endoplasm is heavily wounded.
The endoplasm closely misses you.
You hit the endoplasm.
You kill the endoplasm!
The giant cockroach barely misses you.
You barely miss the giant cockroach.
The giant cockroach bites you but does no damage.
You hit the giant cockroach.
The giant cockroach is poisoned.
The giant cockroach is severely wounded.
You kill the giant cockroach!
You see here a giant cockroach corpse.
Unknown command.
Found a hammer.
Found a runed translucent door.
You open the door.
Casting: Magic Dart (safe; 5% risk of failure)
Confirm with . or Enter, or press ? or * to list all spells.
The spell is extremely dangerous to miscast (26% risk of failure)!
Continue anyway?
Aiming: Mephitic Cloud (extremely dangerous; 26% risk of failure)
Press: ? - help, Shift-Dir - straight line, f - Crazy Yiuf
Aim: Crazy Yiuf, wielding a +4 quarterstaff of chaos and wearing a +0 cloak (asleep, chance to affect: 86%)
You miscast Mephitic Cloud.
You are very lightly contaminated with residual magic.
You feel incredibly sick!
You are poisoned.
Ouch! That really hurt!
You feel sick.
Crazy Yiuf shouts!
Casting: Mephitic Cloud (extremely dangerous; 26% risk of failure)
Confirm with . or Enter, or press ? or * to list all spells.
The spell is extremely dangerous to miscast (26% risk of failure)!
Continue anyway?
Aiming: Mephitic Cloud (extremely dangerous; 26% risk of failure)
Press: ? - help, Shift-Dir - straight line, f/p - Crazy Yiuf
Aim: Crazy Yiuf, wielding a +4 quarterstaff of chaos and wearing a +0 cloak (chance to affect: 86%)
You miscast Mephitic Cloud.
A wave of violent energy washes through your body!
You die...

.. .##
##### ..#
#..)# ..#
#.g.# #.#
... #.# #'#
#.# ♣♣@♣
#.# ♣.♣♣
#.# ♣♣.♣
#†# ♣.♣♣
#.# ♣♣.♣♣
########.#
♣..P♣♣
.........#
♣.PPP♣
#######.##
#....#
#.####....#


You could see Crazy Yiuf.

Vanquished Creatures
  2 orcs (D:2)
  5 ball pythons
  6 endoplasms
  A giant cockroach (D:2)
  A goblin (D:1)
  4 hobgoblins (D:1)
  2 quokkas
  4 bats (D:1)
  A frilled lizard (D:1)
  7 kobolds
  2 rats (D:1)
35 creatures vanquished.

Notes
Turn   | Place    | Note
-------+----------+-------------------------------------------
     0 | D:1      | pokeman the Deep Elf Hedge Wizard began the quest for the
                  | Orb.
     0 | D:1      | Reached XP level 1. HP: 10/10 MP: 7/7
   176 | D:1      | Reached XP level 2. HP: 16/16 MP: 5/9
   678 | D:1      | Reached skill level 5 in Spellcasting
  1091 | D:2      | Reached XP level 3. HP: 20/20 MP: 8/11
  1095 | D:2      | Learned a level 3 spell: Mephitic Cloud
  1098 | D:2      | Learned a level 2 spell: Call Imp
  1104 | D:2      | Learned a level 2 spell: Blink
  1154 | D:2      | Found a faded altar of an unknown god.
  1521 | D:2      | Found a runed translucent door.
  1522 | D:2      | Noticed Crazy Yiuf
  1527 | D:2      | Killed by miscasting Mephitic Cloud

Illustrated notes

Levels and vault maps discovered:
D:1:      spicycebolla_green_bress_n_ham, layout_basic
D:2:      layout_loops_ring, hellmonk_ecumenical_altar_defaced_shrine,
          uniq_crazy_yiuf_cottage

Skill      XL: |  1  2 |
---------------+-------+-----
Spellcasting   | 5 |  5.2
Fighting       | |  0.9
Armour         | |  0.9
Dodging        | |  2.4
Stealth        | |  2.4
Conjurations   | |  1.8
Summonings     | |  1.1
Translocations | |  1.1

Action                     || total
---------------------------++-------
  Melee: Dagger            ||     9
         Short sword       ||     4
   Cast: Magic Dart        ||    81
 Armour: Robe              ||     2
  Dodge: Dodged            ||    15

Table legend: (Time is in decaauts)
 A = Elapsed time spent in this place.
 B = Non-inter-level travel time spent in this place.
 C = Inter-level travel time spent in this place.
 D = Time resting spent in this place.
 E = Time spent auto-exploring this place.
 F = Levels seen in this place.
 G = Mean time per level.
                   A        B        C        D        E       F      G
               +--------+--------+--------+--------+--------+-----+--------+
         Total |   1525 |   1500 |     25 |     94 |   1199 |   2 |  762.5 |
       Dungeon |   1525 |   1500 |     25 |     94 |   1199 |   2 |  762.5 |
               +--------+--------+--------+--------+--------+-----+--------+

Top non-repeatable levels by time:
     D:1: 1078 daAuts
     D:2: 447 daAuts
